 Dungeon Crawl Stone Soup version 0.20-a0-915-gb278767 (webtiles) character file.

1012 Deemzul the Insei (level 8, -3/60 HPs)
             Began as an Octopode Monk on Mar 25, 2017.
             Slain by an ogre
             ... wielding a +0 giant club
              (24 damage)
             ... on level 5 of the Dungeon.
             The game lasted 00:05:29 (3860 turns).

Deemzul the Insei (Octopode Monk)                   Turns: 3860, Time: 00:05:30

Health: -3/60      AC:  1    Str: 10    XL:     8   Next: 21%
Magic:  0/8        EV: 19    Int: 13    God:
Gold:   243        SH:  0    Dex: 16    Spells: 7/7 levels left

rFire    . . .     SeeInvis .     - Unarmed
rCold    . . .     Gourm    .   (no shield)
rNeg     . . .     Faith    .   (helmet restricted)
rPois    +         Spirit   +   o - amulet of guardian spirit
rElec    .         Reflect  .   c - ring of poison resistance
rCorr    .         Harm     .   q - +3 ring of evasion
MR       .....                  (no ring)
Stlth    ++++......             (no ring)
Regen    0.2/turn               (no ring)
MPRegen  0.2/turn               (no ring)
                                (no ring)
                                (no ring)

@: drained
A: almost no armour, stealthy swim, amphibious, 8 rings, constrict 8, tentacle
spike 1, camouflage 1, robust 1, gelatinous body 1
a: no special abilities


You were on level 5 of the Dungeon.
You were hungry.

You visited 1 branch of the dungeon, and saw 5 of its levels.

You collected 243 gold pieces.

Inventory:

Jewellery
 c - a ring of poison resistance (left tentacle)
 m - an uncursed ring of teleportation
 o - an amulet of guardian spirit (around mantle)
 q - a +3 ring of evasion (right tentacle)
Wands
 b - a wand of iceblast (3/15)
Scrolls
 e - 11 scrolls of identify
 f - a scroll of recharging {unknown}
 k - a scroll of noise
 u - 2 scrolls of fear {unknown}
Potions
 g - a potion of ambrosia
 j - 2 potions of degeneration {unknown}
 l - a potion of agility
 n - a potion of resistance {unknown}
 p - a potion of curing {unknown}
 s - a potion of lignification
Comestibles
 a - 4 bread rations
 d - 5 royal jellies
 h - 2 meat rations


   Skills:
 + Level 5.0(4.5) Fighting
 + Level 5.3(4.7) Dodging
 + Level 6.2(5.7) Stealth
 * Level 6.5(5.9) Unarmed Combat


You had 7 spell levels left.
You didn't know any spells.

Dungeon Overview and Level Annotations

Branches:
Dungeon (5/15)
 Temple: D:4-7

Altars:
Kikubaaqudgha
Okawaru
Wu Jian
Zin

Annotations:
D:4 Dowan, Duvessa
D:5 Grinder


Innate Abilities, Weirdness & Mutations

You cannot wear most types of armour.
You are very stealthy in the water. (Stealth+)
You are amphibious.
You can wear up to eight rings at the same time.
You can use your tentacles to constrict eight enemies at once.
Your skin changes colour to match your surroundings (Stealth+).
Your rubbery body absorbs attacks. (AC +1, EV +1)
One of your tentacles bears a spike.
You are robust. (+10% HP)


Message History

You tentacle-slap the wight.
You destroy the wight!
An ogre comes into view. It is wielding a giant club.
Things that are here:
a flail; a robe The ogre shouts!
An ogre is nearby!
You tentacle-slap the ogre but do no damage.
You pierce the ogre, but do no damage.
The ogre hits you with a giant club!
An ogre is nearby!
You tentacle-slap the ogre.
You pierce the ogre, but do no damage.
The ogre is lightly wounded.
You tentacle-slap the ogre.
You pierce the ogre, but do no damage.
Your tentacle-slap misses the ogre.
The ogre is moderately wounded.
The ogre hits you with a giant club!!
You tentacle-slap the ogre but do no damage.
The ogre is moderately wounded.
The ogre hits you with a giant club!!
You die...

..##...#
#..# ##.##
#..# ##.##
#))# . #..#
#.. ##.##
#...#
#..##...#
##@)..#
#..O...##
.......#.##
.#######.#
#.. ##.# .#
.#


You could see an ogre.

Vanquished Creatures
  An ogre (D:4)
  4 wights (D:5)
  3 vampire bats (D:4)
  2 howler monkeys (D:4)
  A crimson imp (D:5)
  3 hounds
  2 orc priests (D:4)
  A bullfrog skeleton (D:4)
  2 orc wizards (D:4)
  6 worker ants
  A killer bee zombie (D:5)
  Robin (D:3)
  4 adders
  2 adder skeletons
  A worm (D:3)
  2 dart slugs
  3 leopard geckos
  4 orcs
  2 ball pythons
  4 bat skeletons (D:4)
  3 bat zombies (D:4)
  3 giant cockroaches
  21 goblins
  8 hobgoblins
  A quokka (D:5)
  8 bats
  4 frilled lizards
  6 kobolds
  A leopard gecko skeleton (D:4)
  9 rats
113 creatures vanquished.

Vanquished Creatures (others)
  A goblin (D:3)
1 creature vanquished.

Grand Total: 114 creatures vanquished

Notes
Turn   | Place    | Note
-------+----------+-------------------------------------------
     0 | D:1      | Deemzul the Octopode Monk began the quest for the Orb.
     0 | D:1      | Reached XP level 1. HP: 16/16 MP: 1/1
   209 | D:1      | Reached XP level 2. HP: 20/21 MP: 2/2
   752 | D:2      | Reached XP level 3. HP: 17/26 MP: 3/3
  1420 | D:3      | Reached XP level 4. HP: 31/31 MP: 4/4
  1451 | D:3      | Noticed Robin
  1463 | D:3      | Gained mutation: One of your tentacles bears a spike. [potion of mutation]
  1463 | D:3      | Gained mutation: You are robust. (+10% HP) [potion of mutation]
  1919 | D:3      | Killed Robin
  2103 | D:3      | Found an iron altar of Okawaru.
  2103 | D:3      | Found an ornate altar of the Wu Jian Council.
  2107 | D:3      | Found a glowing silver altar of Zin.
  2246 | D:4      | HP: 1/36 [orc wizard/puff of flame (6)]
  2251 | D:4      | Reached XP level 5. HP: 40/40 MP: 5/5
  2365 | D:4      | Noticed an ogre
  2547 | D:4      | Reached XP level 6. HP: 46/47 MP: 6/6
  2672 | D:4      | Found an ancient bone altar of Kikubaaqudgha.
  2690 | D:4      | Reached skill level 5 in Stealth
  2704 | D:4      | Reached skill level 5 in Unarmed Combat
  2760 | D:4      | Reached XP level 7. HP: 40/53 MP: 7/7
  2976 | D:4      | Noticed a hippogriff
  2992 | D:5      | Entered Level 5 of the Dungeon
  3000 | D:5      | Reached skill level 5 in Dodging
  3095 | D:5      | Noticed Duvessa
  3097 | D:5      | Noticed Dowan
  3543 | D:5      | Noticed Grinder
  3546 | D:5      | Reached XP level 8. HP: 59/59 MP: 8/8
  3648 | D:5      | Reached skill level 5 in Fighting
  3860 | D:5      | Slain by an ogre

Vault maps used:
D:1:      eino_arrival_water_star
D:2:      first_bread
D:3:      minitemple, uniq_robin
D:4:      kennysheep_vampire_church
D:5:      uniq_duvessa, uniq_grinder

Skill      XL: |  1  2  3  4  5  6  7  8 |
---------------+-------------------------+-----
Stealth        | 3 4 5 6 |  6.2
Unarmed Combat | 4 5 6 |  6.5
Fighting       | 4 5 |  5.0
Dodging        | 4 5 |  5.3

Action                   |  1- 3 |  4- 6 |  7- 9 || total
-------------------------+-------+-------+-------++-------
Melee: Unarmed           |    80 |   137 |    95 ||   312
       Constrict         |    23 |    34 |    21 ||    78
       Tentacles         |    11 |    27 |    20 ||    58
       Punch             |     4 |     7 |     3 ||    14
       Kick              |       |    33 |    38 ||    71
  Use: Potion            |       |     5 |       ||     5
       Scroll            |       |     6 |       ||     6
 Stab: Sleeping          |    10 |     8 |     5 ||    23
       Distracted        |       |     2 |       ||     2
  Eat: Chunk             |     1 |     5 |     3 ||     9
Armor: Skin              |     4 |     5 |     2 ||    11
Dodge: Dodged            |    50 |   175 |    66 ||   291
